 Dungeon Crawl Stone Soup version 0.29.1-15-g9cfb28693d (webtiles) character file.

Game seed: 14421819099919723475

9041 Anriel the Protected (level 11, -7/86 HPs)
             Began as a Minotaur Fighter on Mar 7, 2023.
             Was a High Priest of Okawaru.
             Mangled by a red ugly thing (17 damage)
             ... on level 9 of the Dungeon.
             The game lasted 00:48:43 (9524 turns).

Anriel the Protected (Minotaur Fighter)             Turns: 9524, Time: 00:48:43

Health: -7/86      AC: 21    Str: 24    XL:     11   Next: 17%
Magic:  14/14      EV:  7    Int:  5    God:    Okawaru [*****.]
Gold:   2039       SH:  6    Dex: 11    Spells: 10/10 levels left

rFire   . . .      SeeInvis .   a - +0 morningstar (vorpal)
rCold   . . .      Faith    .   c - +0 buckler
rNeg    . . .      Spirit   .   E - +0 plate armour
rPois   +          Reflect  .   (helmet restricted)
rElec   .          Harm     .   r - +2 cloak {rPois}
rCorr   +          Rampage  .   b - +0 pair of gloves
Will    +....                   h - +1 pair of boots
Stlth   ..........              (no amulet)
HPRegen 0.24/turn               g - ring of willpower
MPRegen 0.14/turn               f - ring of resist corrosion

@: on berserk cooldown, slowed, very slow
A: horns 2, retaliatory headbutt
a: Renounce Religion, Heroism, Finesse, Duel


You were on level 9 of the Dungeon.
You worshipped Okawaru.
Okawaru was extremely pleased with you.
You visited 2 branches of the dungeon, and saw 10 of its levels.
You also visited: Sewer.

You collected 2080 gold pieces.
You spent 41 gold pieces at shops.

Inventory:

Hand Weapons
 a - a +0 vorpal morningstar (weapon)
 l - the +6 hand axe of the Witching Tiger {vorpal, rF+}
   (You found it on level 3 of the Dungeon)

   It inflicts extra damage upon your enemies.
   rF:        It protects you from fire.
 n - a +0 sling
 G - the +12 arbalest "Emevveel" {vorpal, rF- Int+8 Dex+2}
   (Okawaru gifted it to you on level 9 of the Dungeon)

   Any ammunition fired from it inflicts extra damage upon your enemies.
   Int:       It affects your intelligence (+8).
   Dex:       It affects your dexterity (+2).
   rF:        It makes you vulnerable to fire.
Missiles
 o - 2 curare-tipped darts
 s - a throwing net
 z - 2 atropa-tipped darts
 C - 6 javelins (quivered)
 D - 3 boomerangs
Armour
 b - a +0 pair of gloves (worn)
 c - a +0 buckler (worn)
 h - a +1 pair of boots (worn)
 p - a scarf of harm
 r - a +2 cloak of poison resistance (worn)
 v - a +0 troll leather armour
 E - a +0 plate armour (worn)
 F - a +2 pair of gloves
Jewellery
 f - a ring of resist corrosion (right hand)
 g - a ring of willpower (left hand)
 j - a ring of ice
 y - a ring of magical power
Wands
 k - a wand of roots (10)
 x - a wand of quicksilver (9)
Scrolls
 q - a scroll of immolation
 t - 2 scrolls of identify
 u - a scroll of teleportation
Potions
 e - a potion of brilliance
 i - 2 potions of curing
 m - 2 potions of lignification
 w - a potion of might
 A - 3 potions of magic
 B - a potion of resistance {unknown}


   Skills:
 - Level 5.0 Fighting
 - Level 10.0 Maces & Flails
 - Level 5.0 Ranged Weapons
 - Level 5.2 Throwing
 - Level 10.0 Armour
 + Level 9.0 Shields
 + Level 6.3 Invocations
 - Level 5.0 Evocations


You had 10 spell levels left.
You didn't know any spells.
Your spell library contained the following spells:

 Spells                   Type           Power      Damage    Failure   Level
 Beastly Appendage        Tmut           0%         N/A       100%        1
 Freeze                   Ice            0%         1d3       100%        1
 Necrotise                Necr           0%         1d4       100%        1
 Sublimation of Blood     Necr           0%         N/A       100%        2
 Wereblood                Tmut           0%         N/A       100%        2
 Frozen Ramparts          Ice            0%         1d1       100%        3
 Spider Form              Tmut/Pois      0%         N/A       100%        3
 Stone Arrow              Conj/Erth      0%         3d7       100%        3
 Hailstorm                Conj/Ice       0%         3d3       100%        4
 Blade Hands              Tmut           0%         N/A       100%        5
 Irradiate                Conj/Tmut      0%         3d11      100%        5
 Dragon Form              Tmut           0%         N/A       100%        7
 Animate Dead             Necr           Unusable   N/A       N/A         4
 Haunt                    Necr/Summ      Unusable   N/A       N/A         7
 Summon Hydra             Summ           Unusable   N/A       N/A         7
 Infestation              Necr           Unusable   N/A       N/A         8

Dungeon Overview and Level Annotations

Branches:
Dungeon (9/15)             Temple (1/1) D:6            Lair (0/5) D:8
  Sewer (visited)
    Orc: D:9-12

Altars:
Cheibriados
Dithmenos
Elyvilon
Fedhas
Gozag
Hepliaklqana
Kikubaaqudgha
Makhleb
Okawaru
Qazlal
Ru
Sif Muna
Trog
Uskayaw
Vehumet
Wu Jian
Xom
Yredelemnul
Zin
The Shining One

Shops:
D:8 (


Innate Abilities, Weirdness & Mutations

You have a pair of horns on your head.
You reflexively headbutt those who attack you in melee.


Message History

The green ugly thing basks in the mutagenic energy from its kin and changes!
The red ugly thing basks in the mutagenic energy from its kin and changes!
The deep elf pyromancer shouts!
You impale the cyan ugly thing!! You headbutt the cyan ugly thing.
You kill the cyan ugly thing!
Okawaru is honoured by your kill.
Your Shields skill increases to level 9!
You puncture the gnoll! You headbutt the gnoll.
You kill the gnoll!
Okawaru accepts your kill.
You hit the red ugly thing but do no damage.
Your headbutt misses the red ugly thing.
You are no longer berserk.
You are exhausted.
You feel yourself slow down. The red ugly thing gores you!
You are engulfed in flames!!
* * * LOW HITPOINT WARNING * * *
Okay, then.
Okay, then.
Okay, then.
Aiming: Quicksilver Bolt
Press: ? - help, Shift-Dir - straight line, f - deep elf pyromancer
Aim: a deep elf pyromancer, wielding a +0 dagger (64% to hit)
The bolt of dispelling energy misses the red ugly thing.
The bolt of dispelling energy hits the deep elf pyromancer!!
The deep elf pyromancer is heavily wounded.
A bullfrog comes into view.
The red ugly thing gores you but does no damage.
The bullfrog moves out of view.
Aiming: Quicksilver Bolt
Press: ? - help, Shift-Dir - straight line, f/p - deep elf pyromancer
Aim: a deep elf pyromancer, wielding a +0 dagger (heavily wounded, 64% to hit)
The bolt of dispelling energy hits the red ugly thing!!
The red ugly thing is heavily wounded.
The bolt of dispelling energy misses the deep elf pyromancer.
You hear a loud, deep croak!
The red ugly thing gores you!
* * * LOW HITPOINT WARNING * * *
You are engulfed in flames!
You die...

,,,,,,,,,*****,,,*,*,,**,,,,,,,**
*,*,*,*,**,,,,,,**,*,,*#,,,,,,,*,
####.******###,*****,,.,,,,<,,,*,
.....,,,,,,...,,,,,,,.#*,,,,,,,*,
#..##******#.#,,,,###.#*,*******,
*#.# #.#***,....#*,* *,
##.#########.# **....#,,* **
.............#####....#,**
................@u.e..#,********
##.###############....#,,,,,,,,**
*#.#**************.......,,,,*,,,
,...,,,,,>,,,,,,,,..)..#.,,,,*,**
<####*************#......,,,,*,,,
#* *#####.,,,,**** *,,,,,*
*******


You could see a red ugly thing and a deep elf pyromancer.

Vanquished Creatures
  A two-headed ogre (D:9)
  An ugly thing (D:9)
  A manticore (D:9)
  A cyclops (D:9)
  A komodo dragon (D:8)
  A meliai (D:9)
  2 trolls (D:9)
  A shadow (D:9)
  Sigmund (D:6)
  A wyvern (D:9)
  A ynoxinul (D:9)
  7 yaks (D:8)
  A steam dragon (D:7)
  An acid dragon (D:9)
  2 water moccasins
  Pargi (Sewer)
  5 orc warriors
  An ice beast (D:6)
  2 black bears (D:5)
  An ogre (D:6)
  A phantom (D:4)
  A centaur (D:8)
  The ghost of vvl the Digger, an amateur DsEE (D:3)
  7 bullfrogs
  3 scorpions (D:6)
  11 wights
  4 killer bees (D:9)
  8 crimson imps (D:7)
  A centaur zombie (D:3)
  8 howler monkeys
  2 quasits (D:7)
  5 jellies
  8 orc priests
  A bullfrog zombie (D:3)
  Crazy Yiuf (D:3)
  4 hounds
  A gnoll bouda (D:9)
  5 iguanas
  4 orc wizards
  4 gnolls
  13 adders
  3 shadow imps
  4 white imps
  2 ufetubi
  A worm (D:3)
  3 dart slugs
  41 orcs
  13 ball pythons
  7 bats
  7 endoplasms
  2 giant cockroaches
  7 hobgoblins
  10 kobolds
  3 quokkas
  5 frilled lizards
  4 goblins
  10 rats
248 creatures vanquished.

Vanquished Creatures (others)
  6 demonic plants (D:7)
  5 fungi (D:8)
  4 plants (D:8)
15 creatures vanquished.

Grand Total: 263 creatures vanquished

Notes
Turn   | Place    | Note
-------+----------+-------------------------------------------
     0 | D:1      | Anriel the Minotaur Fighter began the quest for the Orb.
     0 | D:1      | Reached XP level 1. HP: 19/19 MP: 0/0
   141 | D:1      | Reached XP level 2. HP: 27/27 MP: 1/1
   813 | D:1      | Found a faded altar of an unknown god.
  1012 | D:1      | Identified a scroll of acquirement
  1012 | D:1      | Acquired 1190 gold pieces
  1071 | D:2      | Reached XP level 3. HP: 31/34 MP: 2/2
  2269 | D:3      | Reached XP level 4. HP: 39/41 MP: 3/3
  2278 | D:3      | Identified the +6 hand axe of the Witching Tiger {vorpal,
                  | rF+}
  2440 | D:3      | Found a runed translucent gate.
  2441 | D:3      | Found a runed translucent gate.
  2442 | D:3      | Found a runed translucent gate.
  2446 | D:3      | Noticed vvl's ghost (amateur DsEE)
  2531 | D:3      | Reached skill level 5 in Fighting
  2570 | D:3      | Found an opulent altar of Gozag.
  2572 | D:3      | Found a shadowy altar of Dithmenos.
  2572 | D:3      | Found a white marble altar of Elyvilon.
  2576 | D:3      | Found an iron altar of Okawaru.
  2583 | D:3      | Became a worshipper of Warmaster Okawaru
  2615 | D:3      | Reached skill level 1 in Ranged Weapons
  2707 | D:3      | Found a runed translucent door.
  2708 | D:3      | Noticed Crazy Yiuf
  2714 | D:3      | Killed Crazy Yiuf
  2715 | D:3      | Reached XP level 5. HP: 48/48 MP: 4/4
  3067 | D:3      | Reached skill level 5 in Maces & Flails
  3074 | D:3      | Killed vvl's ghost
  3074 | D:3      | Reached * piety under Okawaru
  3078 | D:3      | Reached XP level 6. HP: 50/56 MP: 5/5
  3240 | D:4      | Reached skill level 5 in Armour
  3297 | D:4      | Found a hazy altar of Hepliaklqana.
  3555 | D:4      | Found a hide-covered altar of Uskayaw.
  3969 | D:5      | Entered Level 5 of the Dungeon
  3991 | D:5      | Reached XP level 7. HP: 61/61 MP: 6/6
  4034 | D:5      | Reached ** piety under Okawaru
  4035 | D:5      | Reached skill level 5 in Shields
  4070 | D:5      | Reached skill level 5 in Ranged Weapons
  4128 | D:5      | Found a glowing drain.
  4166 | Sewer    | Entered a sewer
  4274 | Sewer    | Noticed Pargi
  4292 | Sewer    | Killed Pargi
  4466 | D:5      | Reached XP level 8. HP: 68/68 MP: 7/7
  4845 | D:6      | Noticed Sigmund
  4927 | D:6      | Killed Sigmund
  4927 | D:6      | Reached *** piety under Okawaru
  5034 | D:6      | Found a glowing golden altar of the Shining One.
  5088 | D:6      | Found a staircase to the Ecumenical Temple.
  5096 | Temple   | Entered the Ecumenical Temple
  5096 | Temple   | Found a transporter.
  5096 | Temple   | Found a transporter.
  5098 | Temple   | Found a transporter.
  5098 | Temple   | Found a transporter.
  5273 | D:6      | Found a burning altar of Makhleb.
  5483 | D:6      | Reached **** piety under Okawaru
  5659 | D:6      | Reached XP level 9. HP: 70/74 MP: 8/8
  5982 | D:7      | Received a gift from Okawaru
  6285 | D:7      | Reached skill level 10 in Maces & Flails
  6285 | D:7      | Reached skill level 10 in Armour
  6302 | D:7      | Reached skill level 1 in Invocations
  6307 | D:7      | Reached skill level 1 in Evocations
  7277 | D:8      | Reached ***** piety under Okawaru
  7277 | D:8      | Received a gift from Okawaru
  7416 | D:8      | Reached XP level 10. HP: 55/81 MP: 12/12
  7422 | D:8      | Found a staircase to the Lair.
  7495 | D:8      | Reached skill level 5 in Invocations
  7768 | D:8      | Found Xid Siaco's Weapon Shop.
  7791 | D:8      | Bought 4 javelins for 41 gold pieces
  8147 | D:8      | Reached skill level 1 in Throwing
  8156 | D:8      | Reached skill level 5 in Evocations
  8649 | D:8      | Found a shimmering altar of Xom.
  8908 | D:9      | Noticed an orc sorcerer
  8909 | D:9      | Noticed an orc sorcerer
  8911 | D:9      | Noticed a two-headed ogre
  8914 | D:9      | Noticed a deep elf pyromancer
  8980 | D:9      | Found a shimmering blue altar of Sif Muna.
  8990 | D:9      | Got Sif Muna's Meditations on the Twisted Quarry
  8995 | D:9      | Found a bloodstained altar of Trog.
  9029 | D:9      | Identified the +12 arbalest "Emevveel" {vorpal, rF- Int+8
                  | Dex+2} (Okawaru gifted it to you on level 9 of the Dungeon)
  9029 | D:9      | Received a gift from Okawaru
  9178 | D:9      | Noticed a cyclops
  9226 | D:9      | Noticed a manticore
  9238 | D:9      | Killed a manticore
  9239 | D:9      | Reached skill level 5 in Throwing
  9277 | D:9      | Received a gift from Okawaru
  9314 | D:9      | Killed a two-headed ogre
  9315 | D:9      | Reached XP level 11. HP: 21/86 MP: 12/14
  9506 | D:9      | Noticed a green ugly thing
  9507 | D:9      | Noticed a red ugly thing
  9519 | D:9      | Killed a cyan ugly thing
  9524 | D:9      | Mangled by a red ugly thing

Illustrated notes

Levels and vault maps discovered:
D:1:      heliophobic_arrival_enchanted_forest, layout_basic,
          shapermc_ecumenical_altar_petra, minmay_door_square
D:2:      layout_basic
D:3:      layout_loops_ring, minitemple, gammafunk_ghost_necromancy,
          uniq_crazy_yiuf_cottage
D:4:      layout_loops_ring, worldfamousw_hep_ancestral_shrine,
          nicolae_uskayaw_murder_on_the_dancefloor, kennysheep_another_room
D:5:      layout_basic, portal_sewer_entry_a
D:6:      layout_basic, mainiacjoe_overflow_cross_hatched,
          lemuel_coloured_pillars_altar, minmay_temple_entry_hall, hex_tiny,
          st_stairs_4, grunt_decor_junction, uniq_sigmund
D:7:      layout_basic, serial_demonic, serial_demonic_g, serial_demonic_g,
          serial_demonic_e, serial_demonic_e, hangedman_decor_diamond_cutter,
          minmay_nine_imps
D:8:      layout_gridville, nicolae_overflow_crystal_walls,
          grunt_lair_entry_orc_guard_hut, special_room [special_room_orc],
          serial_shops, shop_coins
D:9:      minmay_the_grid_3x2 [minmay_the_grid_large_cup,
          minmay_the_grid_tri_star, minmay_the_grid_minigrid_small_alt,
          minmay_the_grid_expand, minmay_the_grid_fan,
          minmay_the_grid_prize_inner_circle], layout_rooms,
          nzn_overflow_gifts_of_might_and_magic, enter_bailey_7, moated_statue
Temple:   hellmonk_temple_divided_pantheon

Skill      XL: |  1  2  3  4  5  6  7  8  9 10 11 |
---------------+----------------------------------+-----
Fighting       | 4 5 |  5.0
Maces & Flails | 3 4 5 6 9 10 | 10.0
Ranged Weapons | 1 3 4 5 |  5.0
Armour         | 4 5 6 9 10 | 10.0
Shields        | 4 5 8 9 |  9.0
Invocations    | 4 5 6 |  6.3
Evocations     | 3 5 |  5.0
Throwing       | 5 |  5.2

Action                   |  1- 3 |  4- 6 |  7- 9 | 10-12 || total
-------------------------+-------+-------+-------+-------++-------
Melee: Flail             |    80 |   105 |   109 |       ||   294
       Headbutt          |    10 |    18 |    50 |    49 ||   127
       Morningstar       |       |       |   240 |   217 ||   457
 Fire: Sling             |       |    16 |    28 |       ||    44
Throw: Javelin           |       |       |       |     9 ||     9
       Dart              |       |       |       |     2 ||     2
Invok: Heroism           |       |       |     1 |     2 ||     3
Evoke: Wand              |       |       |       |     2 ||     2
  Use: Scroll            |     6 |     4 |    10 |     4 ||    24
       Potion            |       |     1 |       |     9 ||    10
Armor: Scale mail        |    36 |    49 |    74 |       ||   159
       Chain mail        |       |       |   159 |    27 ||   186
       Plate armour      |       |       |       |   121 ||   121
Dodge: Dodged            |    38 |    55 |   153 |    77 ||   323
Block: Buckler           |    11 |    17 |    70 |    56 ||   154
